 Dungeon Crawl Stone Soup version 0.20.0-15-g7f486f2 (webtiles) character file.

110 ANON1729 the Conjurer (level 4, 0/24 HPs)
             Began as a Tengu Conjurer on June 21, 2017.
             Slain by Crazy Yiuf
             ... wielding a +4 quarterstaff of chaos
              (4 damage)
             ... on level 2 of the Dungeon.
             The game lasted 00:10:45 (2025 turns).

ANON1729 the Conjurer (Tengu Conjurer)              Turns: 2025, Time: 00:10:45

Health: 0/24       AC:  2    Str:  8    XL:     4   Next: 91%
Magic:  4/9        EV: 13    Int: 16    God:
Gold:   102        SH:  0    Dex: 15    Spells: 5/8 levels left

rFire    . . .     SeeInvis .   (no weapon)
rCold    . . .     Gourm    .   (no shield)
rNeg     . . .     Faith    .   a - +0 robe
rPois    .         Spirit   .   (helmet restricted)
rElec    .         Reflect  .   (no cloak)
rCorr    .         Harm     .   (no gloves)
MR       .....                  (boots unavailable)
Stlth    ++........             (no amulet)
Regen    0.1/turn               h - ring of flight
MPRegen  0.2/turn               (no ring)

@: drained
A: beak, talons 3
a: Evoke Flight


You were on level 2 of the Dungeon.
You were not hungry.

You visited 1 branch of the dungeon, and saw 2 of its levels.

You collected 102 gold pieces.

Inventory:

Hand Weapons
 m - a cursed -1 short sword
 q - a +1 halberd of flaming
Armour
 a - a +0 robe (worn)
Jewellery
 h - a ring of flight (left hand)
Scrolls
 d - a scroll of teleportation
 e - 2 scrolls of identify
 g - 2 scrolls of enchant weapon {unknown}
 l - a scroll of amnesia {unknown}
 o - 3 scrolls of remove curse {unknown}
Potions
 f - a potion of haste
 j - a potion of flight {unknown}
 k - 2 potions of heal wounds
 n - a potion of degeneration {unknown}
Books
 b - a book of Conjurations

   Spells                             Type                      Level
   a - Magic Dart                     Conjuration                  1
   b - Searing Ray                    Conjuration                  2
   c - Dazzling Spray                 Conjuration/Hexes            3
   d - Fulminant Prism                Conjuration/Hexes            4
   e - Force Lance                    Conjuration/Translocation    4
   f - Iskenderun's Mystic Blast      Conjuration                  4
Comestibles
 c - 2 bread rations
 i - 2 fruits
 p - 2 chunks of flesh


   Skills:
 - Level 2.4(2.1) Dodging
 - Level 2.1(1.8) Stealth
 + Level 2.8(2.5) Spellcasting
 + Level 7.2(6.8) Conjurations


You had 5 spell levels left.
You knew the following spells:

 Your Spells              Type           Power        Failure   Level  Hunger
a - Magic Dart            Conj           ###.         1%          1    #......
b - Searing Ray           Conj           ###...       1%          2    ##.....


Dungeon Overview and Level Annotations

Branches:
Dungeon (2/15)

Altars:
Ru

Annotations:
D:2 Crazy Yiuf


Innate Abilities, Weirdness & Mutations

You have a beak for a mouth.
You have claws for feet.


Message History

Crazy Yiuf shouts!
Found eight maces.
Casting: Searing Ray
Confirm with . or Enter, or press ? or * to list all spells.
Aiming: Searing Ray
Press: ? - help, Shift-Dir - straight line, f - Crazy Yiuf
Aim: Crazy Yiuf, wielding a quarterstaff of chaos and wearing a glowing cloak The searing ray misses Crazy Yiuf. (Press . to maintain the ray.) Crazy Yiuf screams, "Line chair sanguine!"
The searing ray hits Crazy Yiuf.
The searing ray hits Crazy Yiuf.
Crazy Yiuf is moderately wounded.
Crazy Yiuf hits you with a quarterstaff of chaos!
Crazy Yiuf draws strength from your wounds!
The searing ray misses Crazy Yiuf.
You finish channeling your searing ray.
Crazy Yiuf hits you with a quarterstaff of chaos!
* * * LOW HITPOINT WARNING * * *
You feel drained.
You die...

.# #.#)##.#.#####.###....####
#. +###...##...# #.# #.#### #.
_+..........# #.# #.# #.
####.....#### ### ### ########.
## #.##.## #........ ####.##.#
########. .....##.## ###
♣♣######.... ..#####..# #)))#♣♣
♣♣..#.##..##. ...# ####
#.))g@♣♣♣♣............ ...#
#)))#♣))♣)............ ...# ###
♣♣♣)♣...#....)... w..#
♣♣♣♣♣###...#.## ...# ###...#
.>.# ################# #...##
...# ###........<......# #..##
...####...#.............###...#
...#....###..##.........##..#.#


You could see Crazy Yiuf.

Vanquished Creatures
  3 gnolls (D:2)
  2 adders (D:2)
  An ooze (D:2)
  3 worms (D:2)
  A dart slug (D:1)
  3 bats
  4 giant cockroaches
  7 goblins
  5 hobgoblins
  2 jackals (D:1)
  8 kobolds
  A quokka (D:2)
  4 frilled lizards
  9 rats
53 creatures vanquished.

Notes
Turn   | Place    | Note
-------+----------+-------------------------------------------
     0 | D:1      | ANON1729 the Tengu Conjurer began the quest for the Orb.
     0 | D:1      | Reached XP level 1. HP: 10/10 MP: 4/4
   132 | D:1      | Reached XP level 2. HP: 15/15 MP: 1/6
   595 | D:1      | Reached skill level 6 in Conjurations
   699 | D:1      | Reached XP level 3. HP: 17/19 MP: 0/7
  1258 | D:2      | Found a sacrificial altar of Ru.
  1317 | D:2      | Learned a level 2 spell: Searing Ray
  1625 | D:2      | Reached XP level 4. HP: 24/24 MP: 3/8
  1687 | D:2      | Reached skill level 7 in Conjurations
  1983 | D:2      | Found a runed door.
  2021 | D:2      | Noticed Crazy Yiuf
  2025 | D:2      | Slain by Crazy Yiuf

Skill      XL: |  1  2  3  4 |
---------------+-------------+-----
Conjurations   | 6 7 |  7.2
Dodging        | |  2.4
Stealth        | |  2.1
Spellcasting   | |  2.8

Action                   |  1- 3 |  4- 6 || total
-------------------------+-------+-------++-------
Melee: Unarmed           |    20 |     7 ||    27
       Kick              |     4 |     1 ||     5
       Peck              |     3 |     2 ||     5
 Cast: Magic Dart        |    92 |    22 ||   114
       Searing Ray       |       |     5 ||     5
  Use: Potion            |     3 |       ||     3
       Scroll            |     2 |       ||     2
  Eat: Chunk             |     4 |     1 ||     5
Armor: Robe              |     4 |     4 ||     8
Dodge: Dodged            |    25 |     5 ||    30
